 Dungeon Crawl Stone Soup version 0.31-a0-536-ga3e2962e35 (console) character file.

Game seed: 4648145887337510198

1864 Lexodia the Thrower (level 9, 0/81 HPs)
             Began as an Ogre Gladiator on Aug 11, 2023.
             Was an Initiate of Okawaru.
             Shot with a sling bullet by Joseph (9 damage)
             ... on level 7 of the Dungeon on Aug 13, 2023.
             The game lasted 00:21:58 (7802 turns).

Lexodia the Thrower (Ogre Gladiator)                Turns: 7802, Time: 00:21:59

Health: 0/81       AC:  3    Str: 24    XL:     9   Next: 13%
Magic:  9/9        EV: 10    Int:  9    God:    Okawaru [......]
Gold:   343        SH:  0    Dex: 10    Spells: 8/8 levels left

rFire   . . .        a - +0 flail
rCold   . . .        (no shield)
rNeg    . . .        b - +0 robe
rPois   .            c - +0 hat
rElec   .            (no cloak)
rCorr   +            (gloves unavailable)
SInv    .            (boots unavailable)
Will    .....        (no amulet)
Stlth   +            u - ring of flight
HPRegen 0.33/turn    p - ring of resist corrosion
MPRegen 0.11/turn

%: no passive effects
@: flying
A: large, unfitting armour, tough skin 1
a: Renounce Religion


You were on level 7 of the Dungeon.
You worshipped Okawaru.
Okawaru was noncommittal.
You visited 2 branches of the dungeon, and saw 8 of its levels.
You also visited: Sewer.

You collected 343 gold pieces.

Inventory:

Hand Weapons
 a - a +0 flail (weapon)
Missiles
 i - 3 javelins
 o - 33 poisoned darts (quivered)
Armour
 b - a +0 robe (worn)
 c - a +0 hat (worn)
Jewellery
 p - a ring of resist corrosion (right hand)
 u - a ring of flight (left hand)
 z - a ring of protection from cold
Wands
 f - a wand of roots (13)
Scrolls
 d - a scroll of blinking {unknown}
 j - a scroll of fear {unknown}
 k - 2 scrolls of teleportation {unknown}
 n - 2 scrolls of summoning {unknown}
 r - a scroll of enchant armour {unknown}
 v - 5 scrolls of enchant weapon {unknown}
 x - a scroll of brand weapon {unknown}
 y - 3 scrolls of amnesia {unknown}
 A - a scroll of vulnerability {unknown}
Potions
 g - a potion of attraction
 l - a potion of mutation {unknown}
 m - a potion of degeneration {unknown}
 s - 2 potions of ambrosia
 t - a potion of enlightenment {unknown}
 w - a potion of cancellation {unknown}
 B - a potion of might {unknown}


   Skills:
 - Level 3.0 Fighting
 + Level 7.9 Maces & Flails
 + Level 8.3 Throwing
 - Level 3.0 Dodging


You had 8 spell levels left.
You didn't know any spells.
Your spell library contained the following spells:

 Spells                   Type           Power      Damage    Failure   Level
 Apportation              Tloc           0%         N/A       38%         1
 Poisonous Vapours        Pois/Air       0%         N/A       52%         2
 Mephitic Cloud           Conj/Pois/Air  0%         N/A       77%         3
 Alistair's Intoxication  Tmut/Pois      0%         N/A       100%        5
 Freezing Cloud           Conj/Ice/Air   0%         6-21      100%        5


Dungeon Overview and Level Annotations

Branches:
Dungeon (7/15)             Temple (1/1) D:7           Sewer (visited)

Altars:
Ashenzari
Dithmenos
Elyvilon
Fedhas
Gozag
Hepliaklqana
Kikubaaqudgha
Makhleb
Nemelex Xobeh
Okawaru
Qazlal
Ru
Sif Muna
Trog
Uskayaw
Vehumet
Wu Jian
Xom
Yredelemnul
Zin
The Shining One

Annotations:
D:7 Joseph


Innate Abilities, Weirdness & Mutations

You are too large for most types of armour.
You have tough skin. (AC +1)


Message History

Joseph zaps a wand.
The puff of flame hits you.
Damage: -6%(-5hp) hp: 34%(27hp) Throw: 5 javelins
Press: ? - help, Shift-Dir - straight line, f/p - Joseph
Aim: Joseph, wielding a +0 sling, wearing a +0 ring mail and carrying a wand of flame (moderately wounded, extremely poisoned, 63% to hit)
You throw a javelin. The javelin pierces through Joseph!
Joseph is heavily wounded.
Joseph shoots a sling bullet.
The sling bullet barely misses you.
Aiming: Fastroot
Press: ? - help, Shift-Dir - straight line, f/p - Joseph
Aim: Joseph, wielding a +0 sling, wearing a +0 ring mail and carrying a wand of flame (heavily wounded, extremely poisoned)
The roots erupt in riotous growth!
Roots grab Joseph.
The grasping roots constrict Joseph.
Joseph zaps a wand.
The puff of flame hits you!
* * * LOW HITPOINT WARNING * * *
Huge Dmg: -11%(-9hp) hp: 24%(19hp) Unknown command.
Throw: 4 javelins
Press: ? - help, Shift-Dir - straight line, f/p - Joseph
Aim: Joseph, wielding a +0 sling, wearing a +0 ring mail and carrying a wand of flame (heavily wounded, extremely poisoned, constricted by roots, 93% to hit)
You throw a javelin. The javelin pierces through Joseph!
Joseph is severely wounded.
The grasping roots constrict Joseph.
Joseph zaps a wand.
The puff of flame hits you!
* * * LOW HITPOINT WARNING * * *
Huge Dmg: -14%(-11hp) hp: 10%(8hp)
The roots lose their grip on something.
You are too injured to fight recklessly!
You don't have any such object.
Fire/throw/use which item? ([*] to toss any item) (? for menu, Esc to quit)
Okay, then.
Aiming: Fastroot
Press: ? - help, Shift-Dir - straight line, f/p - Joseph
Aim: Joseph, wielding a +0 sling, wearing a +0 ring mail and carrying a wand of flame (almost dead, very poisoned)
The roots erupt in riotous growth!
Roots grab Joseph.
The grasping roots constrict Joseph.
Joseph shoots a sling bullet.
The sling bullet hits you!
You die...

.............# #.....# #
#............#####.....# #
.......................# #
.#......##.............# ########
...#....##.............# #.......
.....#..##.............###.######
...#....##.................#
.#....#.##..............#.##
......#.........@.......#.#
#.###.#############@.####.#
..###..###### #..# #.#
............. #.@.# #.#
............# #.#.# #.#
............# ..#.# #.#
##..........# ....(# #.#
#..........# ......# #..........#
..@....#


You could see Joseph (very poisoned, rooted).

Vanquished Creatures
  A wyvern (D:5)
  2 water moccasins
  An orc warrior (D:7)
  An ice beast (D:6)
  An ogre (D:4)
  3 kobold brigands (Sewer)
  5 scorpions
  A bullfrog (D:7)
  A howler monkey (D:5)
  A hound (D:5)
  A jelly (D:6)
  4 orc priests
  A gnoll bouda (D:7)
  A sleepcap (D:6)
  An iguana (D:6)
  4 orc wizards
  7 adders
  8 gnolls
  A river rat (Sewer)
  2 white imps
  An ufetubus (D:5)
  3 worms
  7 dart slugs
  11 orcs
  8 ball pythons
  5 endoplasms
  4 giant cockroaches
  4 goblins
  5 hobgoblins
  5 jackals
  11 kobolds
  3 quokkas
  9 bats
  7 frilled lizards
  6 rats
136 creatures vanquished.

Notes
Turn   | Place    | Note
-------+----------+-------------------------------------------
     0 | D:1      | Lexodia the Ogre Gladiator began the quest for the Orb.
     0 | D:1      | Reached XP level 1. HP: 22/22 MP: 1/1
     0 | D:1      | Upgraded the game from 0.31-a0-523-g071a6c1ffa to
                  | 0.31-a0-536-ga3e2962e35
    10 | D:1      | Huge Dmg: 5 dmg
   104 | D:1      | Reached XP level 2. HP: 27/31 MP: 2/2
   633 | D:1      | Reached XP level 3. HP: 33/37 MP: 3/3
  1301 | D:2      | Reached skill level 3 in Throwing
  1301 | D:2      | Reached XP level 4. HP: 38/45 MP: 4/4
  1788 | D:3      | Found a faded altar of an unknown god.
  1850 | D:3      | Identified the +1 leather armour "Unoyja" {rElec rC- rN+++
                  | Regen+}
  1884 | D:3      | Found a hide-covered altar of Uskayaw.
  2150 | D:3      | Huge Dmg: 9 dmg
  2175 | D:3      | Reached XP level 5. HP: 35/53 MP: 5/5
  2403 | D:3      | Huge Dmg: 13 dmg
  2479 | D:4      | Huge Dmg: 12 dmg
  2487 | D:4      | Huge Dmg: 5 dmg
  2492 | D:4      | Huge Dmg: 5 dmg
  2664 | D:4      | Found a hazy altar of Hepliaklqana.
  2690 | D:4      | Found a shimmering blue altar of Sif Muna.
  2742 | D:3      | Reached skill level 4 in Throwing
  2850 | D:3      | Reached XP level 6. HP: 37/61 MP: 6/6
  3516 | D:5      | Entered Level 5 of the Dungeon
  3524 | D:5      | Reached skill level 5 in Maces & Flails
  3524 | D:5      | Reached skill level 5 in Throwing
  3717 | D:5      | Reached XP level 7. HP: 67/67 MP: 7/7
  3749 | D:5      | Noticed a wyvern
  3750 | D:5      | Huge Dmg: 17 dmg
  3754 | D:5      | Huge Dmg: 13 dmg
  3758 | D:5      | Huge Dmg: 13 dmg
  3758 | D:5      | Killed a wyvern
  3978 | D:5      | Huge Dmg: 12 dmg
  3984 | D:5      | Huge Dmg: 7 dmg
  3990 | D:5      | Huge Dmg: 10 dmg
  3991 | D:5      | Reached skill level 6 in Throwing
  3991 | D:5      | Huge Dmg: 2 dmg
  3992 | D:5      | HP: 3/67 [orc/+1 dagger of speed (3)]
  3993 | D:5      | Huge Dmg: 3 dmg
  4051 | D:5      | Huge Dmg: 5 dmg
  4052 | D:5      | Huge Dmg: 3 dmg
  4053 | D:5      | HP: 2/67 [ufetubus (4)]
  4054 | D:5      | Huge Dmg: 8 dmg
  4069 | D:5      | Found a glowing drain.
  4081 | Sewer    | Entered a sewer
  4536 | Sewer    | Reached XP level 8. HP: 65/75 MP: 8/8
  5665 | D:5      | Huge Dmg: 9 dmg
  5667 | D:5      | Huge Dmg: 7 dmg
  5673 | D:5      | Reached skill level 7 in Throwing
  6540 | D:6      | Huge Dmg: 26 dmg
  6541 | D:6      | Huge Dmg: 10 dmg
  6542 | D:6      | Huge Dmg: 16 dmg
  6544 | D:6      | Huge Dmg: 11 dmg
  7282 | D:7      | Found a sacrificial altar of Ru.
  7305 | D:7      | Found a staircase to the Ecumenical Temple.
  7314 | Temple   | Entered the Ecumenical Temple
  7338 | Temple   | Became a worshipper of Warmaster Okawaru
  7374 | D:7      | Reached skill level 8 in Throwing
  7374 | D:7      | Huge Dmg: 10 dmg
  7376 | D:7      | Huge Dmg: 9 dmg
  7377 | D:7      | Reached XP level 9. HP: 14/81 MP: 9/9
  7377 | D:7      | Huge Dmg: 8 dmg
  7380 | D:7      | Huge Dmg: 7 dmg
  7382 | D:7      | Huge Dmg: 12 dmg
  7383 | D:7      | Huge Dmg: 4 dmg
  7780 | D:7      | Noticed Joseph
  7787 | D:7      | Huge Dmg: 17 dmg
  7796 | D:7      | Huge Dmg: 16 dmg
  7799 | D:7      | Huge Dmg: 9 dmg
  7800 | D:7      | Huge Dmg: 11 dmg
  7802 | D:7      | Shot with a sling bullet by Joseph

Illustrated notes

Levels and vault maps discovered:
D:1:      enne_arrival_octagon_isle, layout_basic, hangedman_decor_growths,
          minivault_24, minmay_misc_feat_ornament
D:2:      layout_basic, nicolae_elevator_lobby_asterisk
D:3:      layout_rooms, overflow_temple_1_default,
          hellmonk_ecumenical_altar_zigzags, hangedman_decor_opposing
D:4:      layout_rooms, mainiacjoe_overflow_small_starburst,
          mainiacjoe_overflow_alcove_1
D:5:      layout_basic, cheibrodos_sewer_entry_bend
D:6:      layout_loops_ring, grunt_decor_mini_mirrors,
          chequers_serial_rivers_micro_c
D:7:      layout_basic, mainiacjoe_overflow_alcove_4,
          minmay_temple_entry_sparse_star, uniq_joseph
Temple:   nicolae_temple_bog_church

Skill      XL: |  1  2  3  4  5  6  7  8 |
---------------+-------------------------+-----
Fighting       | 3 |  3.0
Maces & Flails | 3 4 5 6 7 |  7.9
Dodging        | 3 |  3.0
Throwing       | 3 4 5 6 8 |  8.3

Action                     |  1- 3 |  4- 6 |  7- 9 || total
---------------------------+-------+-------+-------++-------
  Melee: Flail             |   113 |   177 |   210 ||   500
         Punch             |     2 |     1 |     2 ||     5
  Throw: Javelin           |       |     8 |    17 ||    25
         Dart              |       |     9 |    39 ||    48
         Throwing net      |       |       |     3 ||     3
         Large rock        |       |       |     2 ||     2
  Evoke: Wand              |       |       |     6 ||     6
    Use: Scroll            |       |       |     6 ||     6
         Potion            |       |       |     5 ||     5
   Stab: Held in net/web   |       |       |     1 ||     1
 Armour: Robe              |    66 |    49 |    30 ||   145
  Dodge: Dodged            |    85 |   132 |   112 ||   329

Table legend: (Time is in decaauts)
 A = Elapsed time spent in this place.
 B = Non-inter-level travel time spent in this place.
 C = Inter-level travel time spent in this place.
 D = Time resting spent in this place.
 E = Time spent auto-exploring this place.
 F = Levels seen in this place.
 G = Mean time per level.
                   A        B        C        D        E       F      G
               +--------+--------+--------+--------+--------+-----+--------+
         Total |   7879 |   7564 |    315 |    920 |   5105 |   9 |  875.4 |
       Dungeon |   6634 |   6365 |    269 |    659 |   4425 |   7 |  947.7 |
        Temple |     48 |      2 |     46 |      0 |      0 |   1 |   48.0 |
         Sewer |   1195 |   1195 |      0 |    261 |    680 |   1 | 1195.0 |
               +--------+--------+--------+--------+--------+-----+--------+

Top non-repeatable levels by time:
     D:5: 1304 daAuts
     D:6: 1223 daAuts
   Sewer: 1195 daAuts
     D:3: 1080 daAuts
     D:1: 954 daAuts
     D:2: 821 daAuts
     D:4: 734 daAuts
     D:7: 517 daAuts
  Temple: 48 daAuts
